 Dungeon Crawl Stone Soup version 0.25-a0-975-gcae8493d64 (webtiles) character file.

Game seed: 7273094718350469492, levelgen mode: deterministic

863 Flugslaktarn the Chopper (level 7, -5/66 HPs)
             Began as a Deep Dwarf Fighter on May 10, 2020.
             Succumbed to Duvessa's poison
             ... on level 6 of the Dungeon.
             The game lasted 00:01:15 (1642 turns).

Flugslaktarn the Chopper (Deep Dwarf Fighter)       Turns: 1642, Time: 00:01:15

Health: -5/66      AC:  9    Str: 20    XL:     7   Next: 72%
Magic:  0/0        EV:  7    Int:  8    God:
Gold:   163        SH: 10    Dex: 14    Spells: 6/6 levels left

rFire    . . .     SeeInvis .   a - +0 war axe
rCold    . . .     Gourm    .   c - +0 kite shield
rNeg     . . .     Faith    +   b - +0 scale mail
rPois    .         Spirit   .   o - +0 helmet
rElec    .         Reflect  .   (no cloak)
rCorr    .         Harm     .   n - +0 pair of gloves
MR       +....                  (no boots)
Stlth    ..........             l - amulet of faith
HPRegen  0.00/turn              (no ring)
MPRegen  0.07/turn              (no ring)

@: lethally poisoned (-5 -> -99), non-regenerating, hasted, very quick
A: damage resistance, heal wounds, sense surroundings 1, subdued magic 1,
MP-powered wands, no regeneration
a: Heal Wounds


You were on level 6 of the Dungeon.
You were not hungry.

You visited 1 branch of the dungeon, and saw 6 of its levels.

You collected 163 gold pieces.

Inventory:

Hand Weapons
 a - a +0 war axe (weapon)
Missiles
 p - a throwing net (quivered)
Armour
 b - a +0 scale mail (worn)
 c - a +0 kite shield (worn)
 n - a +0 pair of gloves (worn)
   (You found it on level 5 of the Dungeon)
 o - a +0 helmet (worn)
   (You found it on level 5 of the Dungeon)
Jewellery
 l - an amulet of faith (around neck)
   (You found it on level 5 of the Dungeon)
Scrolls
 f - 2 scrolls of amnesia {unknown}
 g - a scroll of summoning {unknown}
 h - 2 scrolls of remove curse {unknown}
 i - 3 scrolls of fog {unknown}
 k - a scroll of magic mapping {unknown}
Potions
 d - 2 potions of might
Comestibles
 e - 5 rations


   Skills:
 + Level 4.4 Fighting
 * Level 6.4 Axes
 + Level 5.4 Armour
 + Level 5.4 Shields


You had 6 spell levels left.
You didn't know any spells.
Your spell library was empty.

Dungeon Overview and Level Annotations

Branches:
Dungeon (6/15)
 Temple: D:4-7

Altars:
Cheibriados
Elyvilon
Okawaru
Qazlal
Ru
Sif Muna

Annotations:
D:6 Duvessa


Innate Abilities, Weirdness & Mutations

You are resistant to damage.
You can heal yourself by infusing magical energy.
You passively map a small area around you.
You do not regenerate.
Your spells are a little easier to cast, but a little less powerful.
You expend magic power (3 MP) to strengthen your wands.


Message History

You closely miss Duvessa.
You feel extremely sick. Duvessa hits you but does no damage.
You are more poisoned.
You completely miss Duvessa.
Duvessa is heavily wounded.
* * * LOW HITPOINT WARNING * * *
You feel extremely sick. You block Duvessa's attack.
Duvessa hits you with a +2 short sword of venom!
* * * LOW HITPOINT WARNING * * *
You are more poisoned.
You completely miss Duvessa.
Duvessa is heavily wounded.
* * * LOW HITPOINT WARNING * * *
You feel extremely sick. You block Duvessa's attack.
You closely miss Duvessa.
Duvessa is heavily wounded.
You die...

* , , .. , , , ,
. #. , ,,...## ,*
, ..#.., ,
....... * , ...
,....... ** , ...
, ,.......,
...,#.####.......
, * ,
....#>†.)........
, .......@e.....#
,,
#..........[..# *
, #........<....#
#........<....# *
#.....#.....#.#,
* #...#/###.### #
, ...... ...,, *
* , #.####**##.#,
, , * , .# ,


You could see Duvessa (berserk, fast).

Vanquished Creatures
  A hornet zombie (D:5)
  Purgy (D:3)
  A bullfrog (D:6)
  2 scorpions
  Dowan (D:6)
  A jelly (D:5)
  A hound (D:4)
  3 orc wizards (D:5)
  A centaur skeleton (D:6)
  An iguana (D:5)
  2 worker ants
  A hound zombie (D:5)
  6 adders
  10 gnolls
  4 leopard geckos
  8 orcs
  2 ball pythons
  A giant cockroach (D:3)
  A hobgoblin (D:3)
  5 jackals
  A quokka (D:4)
  2 bats (D:3)
  4 frilled lizards
  3 kobolds (D:3)
63 creatures vanquished.

Notes
Turn   | Place    | Note
-------+----------+-------------------------------------------
     0 | D:1      | Flugslaktarn the Deep Dwarf Fighter began the quest for the
                  | Orb.
     0 | D:1      | Reached XP level 1. HP: 20/20 MP: 1/1
    72 | D:2      | Reached XP level 2. HP: 27/27 MP: 2/2
    93 | D:2      | Reached skill level 3 in Axes
    93 | D:2      | Reached XP level 3. HP: 23/33 MP: 3/3
   182 | D:3      | Found a shimmering blue altar of Sif Muna.
   214 | D:3      | Noticed Purgy
   252 | D:3      | Killed Purgy
   252 | D:3      | Reached XP level 4. HP: 18/42 MP: 3/3
   267 | D:3      | Found a snail-covered altar of Cheibriados.
   267 | D:3      | Found a white marble altar of Elyvilon.
   271 | D:3      | Found a stormy altar of Qazlal.
   275 | D:3      | Reached skill level 4 in Axes
   275 | D:3      | Reached XP level 5. HP: 21/49 MP: 4/4
   540 | D:4      | Reached XP level 6. HP: 44/56 MP: 4/4
   561 | D:5      | Entered Level 5 of the Dungeon
   911 | D:5      | Reached skill level 5 in Axes
  1007 | D:5      | Reached XP level 7. HP: 21/64 MP: 5/5
  1041 | D:5      | Found an iron altar of Okawaru.
  1056 | D:5      | Reached skill level 5 in Armour
  1056 | D:5      | Reached skill level 5 in Shields
  1284 | D:5      | Reached skill level 6 in Axes
  1465 | D:5      | Found a sacrificial altar of Ru.
  1609 | D:6      | Noticed Dowan
  1614 | D:6      | Noticed Duvessa
  1624 | D:6      | Killed Dowan
  1629 | D:6      | Gained mutation: Your spells are a little easier to cast,
                  | but a little less powerful. [potion of mutation]
  1629 | D:6      | Gained mutation: You expend magic power (3 MP) to
                  | strengthen your wands. [potion of mutation]
  1629 | D:6      | HP: 3/66 [poisoned by Duvessa]
  1641 | D:6      | HP: 2/66 [poisoned by Duvessa]
  1642 | D:6      | Succumbed to Duvessa's poison

Illustrated notes

Levels and vault maps discovered:
D:1:      dpeg_arrival_rhombus, layout_basic
D:2:      layout_basic, nicolae_overflow_hidden_temple,
          nicolae_tso_carved_into_rock, grunt_ministairs_9,
          makhleb_altar_promises_db
D:3:      layout_basic, grunt_temple_overflow_lords_of_destruction,
          gammafunk_temple_overflow_claw, lemuel_round_altar, xom_redecorated,
          first_ration, led_sif_pool, uniq_purgy
D:4:      layout_rooms, chequers_serial_rivers_micro_c,
          minmay_tree_intersection, minmay_distorted
D:5:      layout_basic, basic_altar, nicolae_ru_path_of_blood
D:6:      layout_basic, lightli_temple_of_fire, temple_pool_b, elyvilon_altar_1,
          uniq_duvessa

Skill      XL: |  1  2  3  4  5  6  7 |
---------------+----------------------+-----
Axes           | 3 4 5 6 |  6.4
Fighting       | 3 4 |  4.4
Armour         | 4 5 |  5.4
Shields        | 4 5 |  5.4

Action                   |  1- 3 |  4- 6 |  7- 9 || total
-------------------------+-------+-------+-------++-------
Melee: War axe           |    82 |   135 |    69 ||   286
 Abil: Heal Wounds       |     2 |     3 |     8 ||    13
  Use: Potion            |       |       |     2 ||     2
  Eat: Chunk             |       |     1 |     2 ||     3
Armor: Scale mail        |    56 |    71 |    40 ||   167
Dodge: Dodged            |    39 |    50 |    30 ||   119
Block: Kite shield       |    74 |    88 |    49 ||   211

Table legend:
 A = Non-vault XP
 B = Vault XP
 C = Vault XP percentage of total XP
 D = Non-vault monster count
 E = Vault monster count
 F = Vault count percentage of total count
                 A         B        C        D         E       F
            +---------+---------+-------+---------+---------+-------
      Total |    1025 |     209 |  16.9 |      59 |       4 |   6.3
            +---------+---------+-------+---------+---------+-------
        D:1 |       1 |       0 |   0.0 |       1 |       0 |   0.0
        D:2 |      44 |       0 |   0.0 |       4 |       0 |   0.0
        D:3 |      34 |     132 |  79.5 |      12 |       1 |   7.7
        D:4 |     195 |      14 |   6.7 |      12 |       2 |  14.3
        D:5 |     582 |       0 |   0.0 |      27 |       0 |   0.0
        D:6 |     169 |      63 |  27.2 |       3 |       1 |  25.0
            +---------+---------+-------+---------+---------+-------
